 Dungeon Crawl Stone Soup version 0.25-a0-156-g0c4bda3fdf (webtiles) character file.

Game seed: 15969281521398834775, levelgen mode: deterministic

1446 Leeroy the Fighter (level 8, -6/79 HPs)
             Began as a Grey Draconian Skald on Nov 20, 2019.
             Was a Believer of Okawaru.
             Killed by nerve-wracking pain
             ... invoked by Menkaure
              (11 damage)
             ... in an ossuary.
             The game lasted 00:10:34 (3948 turns).

Leeroy the Fighter (Grey Draconian Skald)           Turns: 3948, Time: 00:10:35

Health: -6/79      AC: 12    Str: 17    XL:     8   Next: 46%
Magic:  11/11      EV: 12    Int: 13    God:    Okawaru [**....]
Gold:   244        SH:  0    Dex: 13    Spells: 4/11 levels left

rFire    . . .     SeeInvis .   i - +4 hand axe (elec)
rCold    . . .     Gourm    .   (no shield)
rNeg     . . .     Faith    .   (armour unavailable)
rPois    .         Spirit   .   (helmet restricted)
rElec    .         Reflect  .   (no cloak)
rCorr    .         Harm     .   y - +0 pair of gloves
MR       .....                  (no boots)
Stlth    +.........             (no amulet)
HPRegen  0.23/turn              o - +3 ring of strength
MPRegen  0.12/turn              (no ring)

@: marked
A: walk through water, unfitting armour, unbreathing, cold-blooded, AC +11
a: Heroism, Renounce Religion


You were in an ossuary.
You worshipped Okawaru.
Okawaru was pleased with you.
You were very hungry.

You visited 1 branch of the dungeon, and saw 6 of its levels.
You also visited: Ossuary.

You collected 244 gold pieces.

Inventory:

Hand Weapons
 a - a +0 falchion
 e - a -3 dagger
 f - a +0 dagger
 h - a +2 hand axe of chopping
 i - a +4 hand axe of electrocution (weapon)
 q - a +2 dagger of pain
Missiles
 g - 145 stones
 t - 4 datura-tipped darts
 x - 5 atropa-tipped darts
 C - 18 poisoned darts (quivered)
Armour
 y - a +0 pair of gloves (worn)
Jewellery
 k - an uncursed ring of attention
 o - a +3 ring of strength (left hand)
 D - a +1 ring of protection {unknown}
Wands
 z - a wand of polymorph (5)
Scrolls
 d - 4 scrolls of amnesia {unknown}
 l - a scroll of teleportation {unknown}
 n - a scroll of immolation {unknown}
 r - a scroll of blinking {unknown}
 s - a scroll of enchant weapon {unknown}
 w - 2 scrolls of identify {unknown}
 B - 3 scrolls of enchant armour {unknown}
 E - a scroll of noise {unknown}
Potions
 b - a potion of mutation {unknown}
 j - a potion of curing {unknown}
 m - a potion of berserk rage {unknown}
 p - a potion of haste {unknown}
 u - a potion of might {unknown}
 v - 2 potions of agility {unknown}
 A - a potion of brilliance {unknown}
Comestibles
 c - 7 rations


   Skills:
 + Level 10.2 Fighting
 - Level 3.2 Long Blades
 - Level 3.2 Axes
 - Level 2.1 Dodging
 - Level 2.0 Spellcasting
 + Level 2.0 Hexes
 - Level 2.6 Charms


You had 4 spell levels left.
You knew the following spells:

 Your Spells              Type           Power        Failure   Level  Hunger
a - Infusion              Chrm           #...         9%          1    ##.....
b - Spectral Weapon       Hex/Chrm       #.......     28%         3    ####...
c - Regeneration          Chrm/Necr      #.........   41%         3    ####...

Your spell library contained the following spells:

 Spells                   Type           Power        Failure   Level  Hunger
 Song of Slaying          Chrm           #.......     13%         2    ###....
 Shroud of Golubria       Chrm/Tloc      #.....       22%         2    ###....


Dungeon Overview and Level Annotations

Branches:
Dungeon (6/15)             Temple (0/1) D:5         Ossuary (1/1)

Altars:
Cheibriados
Fedhas
Nemelex Xobeh
Okawaru
Ru
Trog
The Shining One

Shops:
D:5 }

Annotations:
D:2 1 runed translucent door, Crazy Yiuf Ossuary Menkaure


Innate Abilities, Weirdness & Mutations

You can walk through water.
Your dull iron-grey scales are very hard. (AC +11)
You cannot fit into any form of body armour.
You can survive without breathing.
You are cold-blooded and may be slowed by cold attacks.


Message History

Menkaure is moderately damaged.
Menkaure hits you but does no damage.
You completely miss Menkaure.
You tail-slap Menkaure, but do no damage.
Menkaure is moderately damaged.
Menkaure closely misses you. Menkaure hits you!
* * * LOW HITPOINT WARNING * * *
You are too injured to fight recklessly!
You are too injured to fight recklessly!
You closely miss Menkaure.
Menkaure is moderately damaged.
Menkaure gestures at you while chanting.
Pain shoots through your body!
* * * LOW HITPOINT WARNING * * *
You slash Menkaure!
Menkaure is severely damaged.
Menkaure murmurs a few words.
Menkaure points at you and mumbles some strange words.
Pain shoots through your body!
You die...

##^.##..##..####..##..##..##
##..##..##..## ##..##^.##.^#
##..##^.##..## ##..##^.##..
##..##..##..## ##..##.^##.
##..##..##^.## ##..##..##
##..##..##..## ##..##..#
#..##..##.^## ##..##..
..##..##.^############## ##..##.
^##..##.......^.@MZ..... ##..##
##^.##########################..#
#.......^........^.^...^.........
#################################
.................................
#################################


You could see Menkaure and a gnoll zombie.

Vanquished Creatures
  Sigmund (D:2)
  An ice beast (D:6)
  2 ogres (D:4)
  2 centaurs
  A bullfrog (D:6)
  A scorpion (D:6)
  2 howler monkeys
  A crimson imp (D:5)
  A jelly (D:5)
  2 orc priests (D:5)
  A bullfrog skeleton (D:5)
  3 hounds
  3 orc wizards
  Terence (D:1)
  A worker ant (D:4)
  3 mummies (Ossuary)
  A howler monkey zombie (D:5)
  4 gnolls
  7 adders
  A howler monkey skeleton (D:4)
  A shadow imp (D:4)
  4 oozes
  An adder skeleton (D:4)
  A worm (D:2)
  A dart slug (D:1)
  5 leopard geckos
  10 orcs
  7 bats
  4 giant cockroaches
  11 goblins
  5 hobgoblins
  6 jackals
  A ball python (D:3)
  5 frilled lizards
  3 gnoll skeletons (Ossuary)
  3 gnoll zombies (Ossuary)
  3 goblin skeletons (Ossuary)
  7 goblin zombies (Ossuary)
  4 hobgoblin skeletons (Ossuary)
  5 hobgoblin zombies (Ossuary)
  8 kobolds
  6 kobold skeletons (Ossuary)
  5 kobold zombies (Ossuary)
  2 orc skeletons (Ossuary)
  3 orc zombies (Ossuary)
  8 rats
  6 rat skeletons (Ossuary)
  A rat zombie (Ossuary)
  4 toadstools (D:1)
169 creatures vanquished.

Vanquished Creatures (others)
  A kobold skeleton (Ossuary)
1 creature vanquished.

Grand Total: 170 creatures vanquished

Notes
Turn   | Place    | Note
-------+----------+-------------------------------------------
     0 | D:1      | Leeroy the Draconian Skald began the quest for the Orb.
     0 | D:1      | Reached XP level 1. HP: 17/17 MP: 3/3
   277 | D:1      | Reached XP level 2. HP: 21/24 MP: 5/5
   964 | D:2      | Reached XP level 3. HP: 27/30 MP: 6/6
   976 | D:2      | Found a faded altar of an unknown god.
   985 | D:2      | Noticed Terence
  1135 | D:1      | Reached skill level 1 in Axes
  1139 | D:1      | Killed Terence
  1304 | D:2      | Reached XP level 4. HP: 30/37 MP: 7/7
  1557 | D:2      | Noticed Sigmund
  1736 | D:2      | Learned a level 3 spell: Spectral Weapon
  1740 | D:2      | Learned a level 3 spell: Regeneration
  1858 | D:2      | Killed Sigmund
  1858 | D:2      | Reached skill level 4 in Fighting
  1858 | D:2      | Reached XP level 5. HP: 28/47 MP: 4/8
  1858 | D:2      | Reached XP level 6. HP: 33/55 MP: 4/9
  1980 | D:2      | Found a runed translucent door.
  1981 | D:2      | Noticed Crazy Yiuf
  2187 | D:3      | Reached skill level 5 in Fighting
  2467 | D:3      | Found an iron altar of Okawaru.
  2476 | D:3      | Became a worshipper of Warmaster Okawaru
  2505 | D:3      | Found a glowing golden altar of the Shining One.
  2717 | D:3      | Found a sacrificial altar of Ru.
  2783 | D:4      | Reached skill level 1 in Hexes
  2986 | D:4      | Reached skill level 6 in Fighting
  3076 | D:4      | Your scales start taking on a dull iron-grey colour.
  3076 | D:4      | Reached XP level 7. HP: 33/64 MP: 10/10
  3076 | D:4      | Gained mutation: You can survive without breathing. [Grey
                  | Draconian growth]
  3102 | D:4      | Found a snail-covered altar of Cheibriados.
  3102 | D:4      | Found a sparkling altar of Nemelex Xobeh.
  3102 | D:4      | Found a bloodstained altar of Trog.
  3141 | D:4      | Reached skill level 7 in Fighting
  3207 | D:4      | Reached * piety under Okawaru
  3311 | D:4      | Found a blossoming altar of Fedhas.
  3338 | D:5      | Entered Level 5 of the Dungeon
  3379 | D:5      | Reached skill level 8 in Fighting
  3468 | D:5      | Found Iniores's Gadget Shoppe.
  3530 | D:5      | Reached XP level 8. HP: 41/77 MP: 11/11
  3572 | D:5      | Found a staircase to the Ecumenical Temple.
  3578 | D:5      | Reached skill level 9 in Fighting
  3666 | D:6      | Reached skill level 10 in Fighting
  3675 | D:6      | Found a sand-covered staircase.
  3684 | Ossuary  | Entered an ossuary
  3731 | Ossuary  | Reached ** piety under Okawaru
  3935 | Ossuary  | Noticed Menkaure
  3948 | Ossuary  | Killed from afar by Menkaure

Levels and vault maps discovered:
D:1:      ldierk_water_garden, layout_basic, minmay_pentomino_r4
D:2:      layout_rooms, chequers_ecumenical_altar_simple_redux,
          uniq_crazy_yiuf_cottage, uniq_terence, uniq_sigmund
D:3:      layout_basic, lemuel_round_altar, nicolae_overflow_crystal_walls,
          first_ration, skrybe_limestone_x, nicolae_ru_path_of_blood
D:4:      layout_rooms, kennysheep_little_box,
          chequers_temple_overflow_statue_of_worship
D:5:      layout_loops_cross, lemuel_crystal_altar,
          minmay_temple_entry_sparse_star, serial_shops,
          nicolae_shop_temple_entry_statues_fountains, uniq_pikel
D:6:      layout_loops_ring, kennysheep_mini,
          lightli_ossuary_entry_decrepit_ruins, serial_shops,
          nicolae_shop_crystal, serial_park_tiny_1, guppyfry_early_elven_hall
Ossuary:  ossuary_due_pyramid

Skill      XL: |  1  2  3  4  5  6  7  8 |
---------------+-------------------------+-----
Long Blades    | 3 |  3.2
Axes           | 2 3 |  3.2
Fighting       | 4 6 8 10 | 10.2
Hexes          | 1 2 |  2.0
Dodging        | |  2.1
Spellcasting   | |  2.0
Charms         | |  2.6

Action                   |  1- 3 |  4- 6 |  7- 9 || total
-------------------------+-------+-------+-------++-------
Melee: Falchion          |    50 |       |       ||    50
       Tailslap          |     8 |    15 |    23 ||    46
       Hand axe          |    22 |   131 |   170 ||   323
 Cast: Spectral Weapon   |       |     1 |       ||     1
  Use: Scroll            |     1 |     1 |       ||     2
 Stab: Sleeping          |       |     1 |       ||     1
  Eat: Chunk             |     1 |     6 |     2 ||     9
Armor: Skin              |    28 |    42 |    64 ||   134
Dodge: Dodged            |    77 |    81 |    89 ||   247
       Rpst.: Falchion   |    16 |       |       ||    16

Table legend:
 A = Non-vault XP
 B = Vault XP
 C = Vault XP percentage of total XP
 D = Non-vault monster count
 E = Vault monster count
 F = Vault count percentage of total count
                 A         B        C        D         E       F
            +---------+---------+-------+---------+---------+-------
      Total |    1715 |     351 |  17.0 |     109 |      52 |  32.3
            +---------+---------+-------+---------+---------+-------
        D:1 |      63 |      43 |  40.6 |      22 |       4 |  15.4
        D:2 |      77 |     208 |  73.0 |      21 |       1 |   4.5
        D:3 |      77 |       0 |   0.0 |      22 |       0 |   0.0
        D:4 |     535 |       0 |   0.0 |      22 |       0 |   0.0
        D:5 |     513 |       0 |   0.0 |      14 |       0 |   0.0
        D:6 |     450 |       0 |   0.0 |       8 |       0 |   0.0
    Ossuary |       0 |     100 | 100.0 |       0 |      47 | 100.0
            +---------+---------+-------+---------+---------+-------
